 Dungeon Crawl Stone Soup version 0.27-a0-604-g29a88b33a7 (webtiles) character file.

Game seed: 17652571364840797056

229 spiderkeys the Grave Robber (level 5, -6/28 HPs)
             Began as a Vampire Necromancer on Mar 12, 2021.
             Killed from afar by an orc wizard (10 damage)
             ... with a puff of flame
             ... on level 3 of the Dungeon.
             The game lasted 00:06:41 (2959 turns).

spiderkeys the Grave Robber (Vampire Necromancer)   Turns: 2959, Time: 00:06:41

Health: -6/28      AC:  6    Str:  7    XL:     5   Next: 71%
Magic:  3/8        EV: 13    Int: 18    God:
Gold:   47         SH:  0    Dex: 15    Spells: 3/8 levels left

rFire    . . .     SeeInvis +   d - +0 dagger
rCold    + + .     Faith    .   (no shield)
rNeg     + + +     Spirit   .   a - +0 robe
rPois    ∞         Reflect  .   (no helmet)
rElec    .         Harm     .   (no cloak)
rCorr    .         Rampage  .   o - +0 pair of gloves
Will     .....                  l - +2 pair of boots
Stlth    +++++.....             (no amulet)
HPRegen  0.00/turn              (no ring)
MPRegen  0.11/turn              (no ring)

@: bloodless
A: fangs 3, see invisible, unbreathing 1, vampiric 2
a: Bat Form, Revivify


You were on level 3 of the Dungeon.
You visited 1 branch of the dungeon, and saw 3 of its levels.

You collected 47 gold pieces.

Inventory:

Hand Weapons
 d - a +0 dagger (weapon)
Armour
 a - a +0 robe (worn)
 l - a +2 pair of boots (worn)
 o - a +0 pair of gloves (worn)
Scrolls
 b - a scroll of enchant weapon {unknown}
 e - a scroll of fear {unknown}
 h - 6 scrolls of teleportation {unknown}
 m - a scroll of random uselessness {unknown}
 p - a scroll of amnesia {unknown}
Potions
 c - a potion of curing {unknown}
 f - a potion of berserk rage {unknown}
 g - a potion of cancellation {unknown}
 i - 2 potions of brilliance {unknown}
 j - a potion of invisibility {unknown}
 k - a potion of heal wounds
 n - a potion of ambrosia {unknown}


   Skills:
 + Level 2.2 Short Blades
 + Level 3.5 Dodging
 + Level 5.0 Stealth
 - Level 2.0 Spellcasting
 * Level 6.0 Necromancy


You had 3 spell levels left.
You knew the following spells:

 Your Spells              Type           Power      Damage    Failure   Level
a - Pain                  Necr           92%        1d8       1%          1
b - Vampiric Draining     Necr           11%        2d7       4%          3
c - Animate Skeleton      Necr           46%        N/A       1%          1

Your spell library contained the following spells:

 Spells                   Type           Power      Damage    Failure   Level
 Animate Dead             Necr           11%        N/A       16%         4
 Agony                    Necr           23%        N/A       38%         5


Dungeon Overview and Level Annotations

Branches:
Dungeon (3/15)

Altars:


Innate Abilities, Weirdness & Mutations

You do not regenerate when monsters are visible.
You are frail without blood (-20% HP).
You can heal yourself when you bite living creatures.
You are immune to poison.
You have razor-sharp teeth.
You have supernaturally acute eyesight. (SInv)
You can survive without breathing.
You are afflicted with vampirism and can become a bat while bloodless.


Message History

The orc wizard gestures at you while chanting.
You resist with some effort.
You can't see any susceptible monsters within range! (Use Z to cast anyway.)
An orc comes into view. It is wielding a +0 dagger.
The orc wizard barely resists.
The orc wizard writhes in agony.
The orc wizard gestures at itself while chanting.
The orc wizard flickers and vanishes for a moment.
The orc writhes in agony!
You kill the orc!
Your Stealth skill increases to level 5!
The orc writhes in agony!
You kill the orc!
The gnoll hits you with a +0 spear.
The gnoll writhes in agony.
The gnoll hits you with a +0 spear!
The gnoll writhes in agony!
The gnoll hits you with a +0 spear. The gnoll hits you but does no damage.
You are too injured to fight recklessly!
You hit the orc wizard.
The orc wizard is moderately wounded.
The orc wizard casts a spell at you. You resist with some effort.
You completely miss the orc wizard.
The orc wizard is moderately wounded.
The orc wizard closely misses you.
Casting: Pain (safe; 1% risk of failure)
Confirm with . or Enter, or press ? or * to list all spells.
You don't have enough magic to cast this spell.
You closely miss the orc wizard.
The orc wizard is moderately wounded.
The gnoll hits you from afar with a +0 spear.
The orc wizard barely misses you.
You hit the orc wizard but do no damage.
The orc wizard is moderately wounded.
The gnoll hits you from afar with a +0 spear!
* * * LOW HITPOINT WARNING * * *
The orc wizard hits you but does no damage.
The orc wizard casts a spell at you. The puff of flame hits you!
You die...

#.#.###.#.#..#
#.#.#.########.#.#
.............# #.#.#.#
#.#.# #.#.###.#.##.#
#.#.#.# #.#.# #.#.#
#.#.##.#.#.#.#.# #.# #
#.#.# #........#.#.#..
#.#
#.#.#####.####.#.#.###
..#..†...........#..
.............###########
.............go.@.......
#########.#..######..####
...........<...# .#...
#########.#..#.####......
.. #.#.......)....o. ###
#.#..#.####...##.
#.#..#.# .#... #.#..#.#
.. . #....#.# o#


You could see an orc wizard (invisible) and a gnoll.

Vanquished Creatures
  Terence (D:2)
  Natasha (thrice) (D:2)
  Robin (D:2)
  3 adders
  3 oozes
  A worm (D:2)
  3 dart slugs
  3 leopard geckos
  2 orcs (D:3)
  3 giant cockroaches
  5 hobgoblins
  3 jackals (D:3)
  2 quokkas
  2 ball pythons (D:1)
  7 bats
  7 frilled lizards
  8 goblins
  7 kobolds
  8 rats
72 creatures vanquished.

Notes
Turn   | Place    | Note
-------+----------+-------------------------------------------
     0 | D:1      | spiderkeys the Vampire Necromancer began the quest for the
                  | Orb.
     0 | D:1      | Reached XP level 1. HP: 13/13 MP: 3/3
   365 | D:1      | Reached XP level 2. HP: 12/19 MP: 3/5
   732 | D:1      | Gained mutation: You are afflicted with vampirism and can
                  | become a bat while bloodless. [Vampire growth]
   732 | D:1      | Reached XP level 3. HP: 18/19 MP: 2/6
   805 | D:1      | Reached skill level 5 in Necromancy
  1021 | D:1      | Learned a level 3 spell: Vampiric Draining
  1023 | D:1      | Learned a level 1 spell: Animate Skeleton
  1291 | D:2      | Noticed Terence
  1305 | D:2      | Killed Terence
  1306 | D:2      | Reached skill level 1 in Short Blades
  1306 | D:2      | Reached XP level 4. HP: 7/24 MP: 0/7
  1840 | D:2      | Noticed Natasha
  1844 | D:2      | Killed Natasha
  1928 | D:2      | Noticed Robin
  2167 | D:2      | Killed Robin
  2168 | D:2      | Reached XP level 5. HP: 23/28 MP: 0/8
  2258 | D:2      | Noticed Natasha
  2264 | D:2      | Killed Natasha
  2380 | D:2      | Noticed Natasha
  2392 | D:2      | Killed Natasha
  2639 | D:3      | Reached skill level 6 in Necromancy
  2946 | D:3      | Reached skill level 5 in Stealth
  2959 | D:3      | Killed from afar by an orc wizard

Illustrated notes

Levels and vault maps discovered:
D:1:      eino_arrival_water_cross, layout_basic, minmay_tetromino_s2
D:2:      layout_loops_cross, kennysheep_path_1, uniq_robin, uniq_natasha,
          uniq_terence
D:3:      layout_basic, lemuel_doored_altar, st_stairs_3

Skill      XL: |  1  2  3  4  5 |
---------------+----------------+-----
Necromancy     | 5 6 |  6.0
Short Blades   | 1 2 |  2.2
Stealth        | 4 5 |  5.0
Dodging        | 3 |  3.5
Spellcasting   | |  2.0

Action                   |  1- 3 |  4- 6 || total
-------------------------+-------+-------++-------
Melee: Dagger            |    14 |    29 ||    43
       Bite              |     4 |     1 ||     5
 Cast: Pain              |    51 |    75 ||   126
       Vampiric Draining |     1 |       ||     1
       Animate Skeleton  |       |     1 ||     1
 Abil: Exsanguinate      |     1 |       ||     1
 Stab: Sleeping          |     5 |     3 ||     8
Armor: Robe              |    10 |    22 ||    32
Dodge: Dodged            |    30 |    39 ||    69

Table legend: (Time is in decaauts)
 A = Elapsed time spent in this place.
 B = Non-inter-level travel time spent in this place.
 C = Inter-level travel time spent in this place.
 D = Time resting spent in this place.
 E = Time spent auto-exploring this place.
 F = Levels seen in this place.
 G = Mean time per level.
                   A        B        C        D        E       F      G
               +--------+--------+--------+--------+--------+-----+--------+
         Total |   2957 |   2885 |     72 |    128 |   2259 |   3 |  985.7 |
       Dungeon |   2957 |   2885 |     72 |    128 |   2259 |   3 |  985.7 |
               +--------+--------+--------+--------+--------+-----+--------+

Top non-repeatable levels by time:
     D:1: 1409 daAuts
     D:2: 1267 daAuts
     D:3: 280 daAuts
